 Dungeon Crawl Stone Soup version 0.31-a0-344-gd109795599 (webtiles) character file.

Game seed: 1478709539423594014

3072 LustLizard the Grappler (level 9, -3/67 HPs)
             Began as an Octopode Shapeshifter on July 21, 2023.
             Was a High Priest of Ignis.
             Shot with a sling bullet by Joseph (8 damage)
             ... on level 7 of the Dungeon.
             The game lasted 00:17:07 (7141 turns).

LustLizard the Grappler (Octopode Shapeshifter)     Turns: 7141, Time: 00:17:08

Health: -3/67      AC:  1    Str: 16    XL:     9   Next: 88%
Magic:  15/15      EV: 13    Int: 13    God:    Ignis [*****.]
Gold:   374        SH:  0    Dex: 12    Spells: 15/16 levels left

rFire   + .          .
                       - Unarmed
rCold   . . .        (no shield)
rNeg    . . .        (helmet currently unavailable)
rPois   .            u - amulet of reflection
rElec   .            t - ring of resist corrosion
rCorr   +            (no ring)
SInv    .            (no ring)
Will    .....        (no ring)
Stlth   ++           (no ring)
HPRegen 0.31/turn    (no ring)
MPRegen 0.14/turn    (no ring)
                     (no ring)

%: reflection
@: confused, about to teleport, beast-form, marked, studying Fighting
A: beast (slay +4), almost no armour, amphibious, 8 rings, camouflage 1,
gelatinous body 1, (nimble swimmer 1), tentacles
a: Begin Untransformation, Renounce Religion, Fiery Armour, Foxfire Swarm,
Rising Flame


You were on level 7 of the Dungeon.
You worshipped Ignis.
Ignis was extremely pleased with you.
You were a hulking beast.
You visited 2 branches of the dungeon, and saw 8 of its levels.
You also visited: Sewer.

You collected 374 gold pieces.

Inventory:

Missiles
 m - 3 atropa-tipped darts
 z - 5 poisoned darts
Armour
 j - a +0 buckler
Jewellery
 t - a ring of resist corrosion (left tentacle)
 u - an amulet of reflection (around mantle)
 v - an amulet of the acrobat
Talismans
 b - a beast talisman
 A - a blade talisman
Scrolls
 c - a scroll of revelation
 e - a scroll of fear {unknown}
 g - 5 scrolls of teleportation
 i - a scroll of vulnerability {unknown}
 l - a scroll of immolation
 n - a scroll of summoning {unknown}
 o - 2 scrolls of brand weapon {unknown}
 p - a scroll of enchant weapon {unknown}
 q - 2 scrolls of noise {unknown}
 r - a scroll of amnesia
 w - 2 scrolls of fog
 y - a scroll of enchant armour {unknown}
Potions
 a - 2 potions of lignification
 d - 2 potions of resistance
 f - a potion of brilliance
 h - a potion of cancellation
 k - 2 potions of curing
 s - a potion of heal wounds
 x - a potion of berserk rage {unknown}


   Skills:
 + Level 8.3 Fighting
 + Level 2.9 Dodging
 - Level 5.0 Stealth
 * Level 8.8 Unarmed Combat
 - Level 4.0 Spellcasting
 - Level 2.0 Poison Magic
 + Level 5.7 Shapeshifting


You had 15 spell levels left.
You knew the following spells:

 Your Spells              Type           Power      Damage    Failure   Level
a - Sting                 Tmut/Pois      20%        1d4       14%         1

Your spell library contained the following spells:

 Spells                   Type           Power      Damage    Failure   Level
 Freeze                   Ice            8%         1d3       21%         1
 Slow                     Hex            8%         N/A       21%         1
 Poisonous Vapours        Pois/Air       10%        N/A       21%         2
 Mephitic Cloud           Conj/Pois/Air  4%         N/A       43%         3
 Confusing Touch          Hex            2%         N/A       52%         3
 Frozen Ramparts          Ice            4%         1d1       52%         3
 Hailstorm                Conj/Ice       2%         3d3       52%         3
 Vampiric Draining        Necr           2%         2d6       52%         3
 Vhi's Electric Charge    Tloc/Air       4%         N/A       52%         3
 Olgreb's Toxic Radiance  Pois           7%         N/A       65%         4
 Dispersal                Tloc           1%         N/A       100%        6


Dungeon Overview and Level Annotations

Branches:
Dungeon (7/15)             Temple (1/1) D:5           Sewer (visited)

Altars:
Ashenzari
Cheibriados
Dithmenos
Elyvilon
Fedhas
Gozag
Hepliaklqana
Kikubaaqudgha
Makhleb
Nemelex Xobeh
Okawaru
Qazlal
Ru
Sif Muna
Trog
Uskayaw
Vehumet
Wu Jian
Xom
Yredelemnul
Zin
The Shining One
Ignis

Annotations:
D:7 Joseph


Innate Abilities, Weirdness & Mutations

You are a hulking beast.
Your limbs bulge with bestial killing power. (Slay +4)
You cannot wear most types of armour.
You are amphibious.
You can wear up to eight rings at the same time.
Your skin changes colour to match your surroundings (Stealth+).
Your rubbery body absorbs attacks. (AC +1, EV +1)
((You are camouflaged when in or above water. (Stealth+)))
You have tentacles for arms and can constrict up to eight enemies at once.


Message History

You bludgeon the orc!
You kill the orc!
Things that are here:
a +0 flail; a +0 scale mail The orc closely misses you.
You tentacle-slap the orc. Your grab misses the orc. You squeeze the orc.
You kill the orc!
The orc priest mumbles some strange prayers to Beogh against you.
Pain shoots through your body!
A phantom comes into view.
You block the orc priest's attack.
Items here: ( ) [ †.
You tentacle-slap the orc priest. You grab the orc priest.
The orc priest is moderately wounded.
You constrict the orc priest.
The orc priest calls down the wrath of Beogh upon you.
You struggle to resist.
You bludgeon the orc priest!
You kill the orc priest!
Joseph, a Mercenary comes into view.
He is wielding a +0 quarterstaff and carrying a wand of charming.
Things that are here:
a +0 flail; a +0 scale mail Joseph unwields a +0 quarterstaff.
Joseph wields a +1 sling of freezing.
It is covered in frost.
Joseph shoots a sling bullet.
The sling bullet hits you! The sling bullet freezes you.
Joseph shoots a sling bullet.
You block the sling bullet with an invisible shield... and reflect it back!
The sling bullet completely misses Joseph.
Joseph shoots a sling bullet.
The sling bullet hits you! The sling bullet freezes you.
As you read the scroll of teleportation, it crumbles to dust.
You feel strangely unstable.
Joseph shoots a sling bullet.
You block the sling bullet with an invisible shield... and reflect it back!
The sling bullet hits Joseph!!
The sling bullet freezes Joseph.
The phantom hits you.
Joseph zaps a wand.
Your will is overpowered!
You are confused.
Joseph shoots a sling bullet.
The sling bullet hits you!!
* * * LOW HITPOINT WARNING * * *
The sling bullet freezes you!
You die...

.####...# #.##.#.
........######.##.##
#####..).....#.##..#
#......###.#.###.# #
#.#..#.# #.# #.# #.
#.#....# #.###.# ##.#
###.#@##.# #......
##...# #.....##.###
#####.#
##.....###.Wh†........
##.#
......)).)........####
##...
.###.#####.....####
#.#.. #.....# ##.#.
####### ##.# ###


You could see Joseph and a phantom.

Vanquished Creatures
  Pikel (D:6)
  A wyvern (D:7)
  A water moccasin (D:5)
  2 orc warriors (D:5)
  A black bear (D:5)
  3 ice beasts
  The ghost of XomNomNom the Chopper, an amateur HOMo (D:3)
  2 ogres
  3 lemures (D:6)
  3 phantoms
  A kobold brigand (D:7)
  A gnoll sergeant (D:7)
  A bullfrog (Sewer)
  3 scorpions
  Crazy Yiuf (D:6)
  4 orc priests
  2 hounds (D:6)
  A jelly (D:6)
  5 iguanas
  Natasha (thrice) (D:2)
  5 orc wizards
  3 gnolls (D:7)
  16 adders
  2 shadow imps
  A white imp (D:6)
  A worm (D:4)
  A dart slug (D:5)
  34 orcs
  12 ball pythons
  9 bats
  7 endoplasms
  12 giant cockroaches
  10 hobgoblins
  6 jackals
  13 kobolds
  9 quokkas
  12 frilled lizards
  9 goblins
  9 rats
211 creatures vanquished.

Notes
Turn   | Place    | Note
-------+----------+-------------------------------------------
     0 | D:1      | LustLizard the Octopode Shapeshifter began the quest for
                  | the Orb.
     0 | D:1      | Reached XP level 1. HP: 13/13 MP: 1/1
    82 | D:1      | Got Yfuef's Excursus on Infected Nonlocality
   146 | D:1      | Reached XP level 2. HP: 18/18 MP: 2/2
   153 | D:1      | Reached skill level 1 in Stealth
   303 | D:1      | Learned a level 1 spell: Sting
   340 | D:1      | Reached XP level 3. HP: 23/23 MP: 3/3
   828 | D:2      | Reached XP level 4. HP: 11/29 MP: 4/4
   944 | D:2      | Noticed Natasha
   948 | D:2      | Killed Natasha
   983 | D:2      | Noticed Natasha
   989 | D:2      | Killed Natasha
   990 | D:2      | Reached skill level 1 in Poison Magic
  1030 | D:2      | Reached XP level 5. HP: 34/34 MP: 6/6
  1032 | D:2      | Noticed Natasha
  1036 | D:2      | Killed Natasha
  1037 | D:2      | Reached skill level 1 in Spellcasting
  1261 | D:3      | Noticed a phantom
  1271 | D:3      | Killed a phantom
  1284 | D:3      | Reached XP level 6. HP: 24/41 MP: 6/8
  1444 | D:3      | Found a faded altar of an unknown god.
  1472 | D:3      | Prayed at the altar of an unknown god.
  1472 | D:3      | Became a worshipper of Ignis, the Dying Flame
  1573 | D:3      | Found a runed translucent door.
  1575 | D:3      | Noticed XomNomNom's ghost (amateur HOMo)
  2248 | D:4      | Found a glowing drain.
  2254 | Sewer    | Entered a sewer
  2506 | Sewer    | Reached XP level 7. HP: 32/47 MP: 8/10
  2753 | D:4      | Reached skill level 5 in Unarmed Combat
  3434 | D:5      | Entered Level 5 of the Dungeon
  3559 | D:5      | Reached XP level 8. HP: 23/54 MP: 10/12
  3734 | D:5      | Reached skill level 5 in Stealth
  3776 | D:5      | Found a bloodstained altar of Trog.
  3894 | D:5      | Reached skill level 5 in Fighting
  4363 | D:5      | Found a staircase to the Ecumenical Temple.
  4393 | Temple   | Entered the Ecumenical Temple
  4446 | D:5      | Found a runed translucent door.
  5240 | D:3      | Killed XomNomNom's ghost
  5487 | D:6      | Reached XP level 9. HP: 54/63 MP: 14/14
  5577 | D:6      | Reached skill level 5 in Shapeshifting
  5800 | D:6      | Noticed Pikel
  6240 | D:6      | Killed Pikel
  6363 | D:6      | Found a runed translucent door.
  6364 | D:6      | Noticed Crazy Yiuf
  6371 | D:6      | Killed Crazy Yiuf
  7053 | D:7      | Found an opulent altar of Gozag.
  7135 | D:7      | Noticed Joseph
  7141 | D:7      | Shot with a sling bullet by Joseph

Illustrated notes

Levels and vault maps discovered:
D:1:      grunt_arrival_crossed_arrows, layout_rooms
D:2:      layout_basic, kennysheep_flooded_box, uniq_natasha
D:3:      layout_rooms, hellmonk_ecumenical_altar_blasted, ebering_ghost_sewer_d
D:4:      layout_basic, gup_sewer_entry_bubbles, minmay_misc_feat_ornament,
          minmay_distorted
D:5:      layout_gridville, trog_hazing_becter,
          minmay_temple_entry_drinking_statues, lightli_church_of_beogh
D:6:      layout_gridville, corexii_hall_statues_l, grunt_decor_one_mirror,
          uniq_pikel, uniq_crazy_yiuf_cottage
D:7:      layout_loops_corners, mainiacjoe_overflow_alcove_4,
          minmay_misc_feat_more_columns, uniq_joseph
Temple:   mainiacjoe_temple_cubbyholes

Skill      XL: |  1  2  3  4  5  6  7  8  9 |
---------------+----------------------------+-----
Stealth        | 1 2 3 4 5 |  5.0
Fighting       | 2 3 4 6 8 |  8.3
Poison Magic   | 1 2 |  2.0
Unarmed Combat | 4 5 7 8 |  8.8
Spellcasting   | 1 2 3 4 |  4.0
Shapeshifting  | 4 5 |  5.7
Dodging        | |  2.9

Action                     |  1- 3 |  4- 6 |  7- 9 || total
---------------------------+-------+-------+-------++-------
  Melee: Unarmed           |    66 |   129 |   244 ||   439
         Tentacles         |    13 |    24 |    63 ||   100
         Constrict         |    12 |    27 |    50 ||    89
         Punch             |     1 |     3 |    14 ||    18
   Cast: Sting             |       |       |     4 ||     4
    Use: Scroll            |       |     1 |    10 ||    11
         Potion            |       |       |     1 ||     1
   Stab: Sleeping          |     7 |     9 |    10 ||    26
 Armour: Skin              |     1 |     6 |     5 ||    12
  Dodge: Dodged            |    30 |    50 |   102 ||   182
  Block: Other             |       |       |    19 ||    19
         Reflection        |       |       |     2 ||     2

Table legend: (Time is in decaauts)
 A = Elapsed time spent in this place.
 B = Non-inter-level travel time spent in this place.
 C = Inter-level travel time spent in this place.
 D = Time resting spent in this place.
 E = Time spent auto-exploring this place.
 F = Levels seen in this place.
 G = Mean time per level.
                   A        B        C        D        E       F      G
               +--------+--------+--------+--------+--------+-----+--------+
         Total |   7104 |   6630 |    474 |    692 |   4278 |   9 |  789.3 |
       Dungeon |   6700 |   6226 |    474 |    692 |   4025 |   7 |  957.1 |
        Temple |      1 |      1 |      0 |      0 |      0 |   1 |    1.0 |
         Sewer |    403 |    403 |      0 |      0 |    253 |   1 |  403.0 |
               +--------+--------+--------+--------+--------+-----+--------+

Top non-repeatable levels by time:
     D:5: 1848 daAuts
     D:4: 1153 daAuts
     D:6: 989 daAuts
     D:3: 809 daAuts
     D:2: 704 daAuts
     D:7: 634 daAuts
     D:1: 560 daAuts
   Sewer: 403 daAuts
  Temple: 1 daAuts
